 Dungeon Crawl Stone Soup version 0.25.1-2-g60ff931df9 (webtiles) character file.

Game seed: 18367218013212330808

2317 Acheron the Sneak (level 9, -1/51 HPs)
             Began as a Gargoyle Wizard on Sept 13, 2020.
             Was a Follower of Okawaru.
             Slain by a harpy (4 damage)
             ... on level 2 of the Abyss on Sept 14, 2020.
             The game lasted 01:32:03 (9851 turns).

Acheron the Sneak (Gargoyle Wizard)                 Turns: 9851, Time: 01:32:03

Health: -1/51      AC: 16    Str: 16    XL:     9   Next: 41%
Magic:  15/15      EV: 12    Int: 22    God:    Okawaru [*.....]
Gold:   422        SH:  4    Dex: 11    Spells: 6/16 levels left

rFire    + . .     SeeInvis .   w - +0 war axe
rCold    . . .     Gourm    .   h - +0 buckler
rNeg     + . .     Faith    .   t - +2 leather armour of the Furies {rF+}
rPois    ∞         Spirit   .   b - +1 hat
rElec    +         Reflect  .   D - scarf {repulsion}
rCorr    .         Harm     .   F - +0 pair of gloves
MR       +....                  a - +1 pair of boots
Stlth    ++........             (no amulet)
HPRegen  0.57/turn              C - +6 ring of strength
MPRegen  0.14/turn              g - ring of protection from magic

@: mighty, repel missiles
A: clever 1, mutation resistance 1, negative energy resistance 1, regeneration
1, electricity resistance, unbreathing, petrification resistance, rot immunity,
AC +6
a: Heroism, Renounce Religion


You were on level 2 of the Abyss.
You worshipped Okawaru.
Okawaru was aware of your devotion.
You were not hungry.

You visited 2 branches of the dungeon, and saw 14 of its levels.
You visited the Abyss 1 time.

You collected 422 gold pieces.

Inventory:

Hand Weapons
 d - a +2 dagger of draining
 q - a +0 long sword
 v - a +0 rapier
 w - a +0 war axe (weapon)
 G - a +1 dagger of venom
 K - a +2 vorpal dire flail
 L - a +0 dire flail of draining
Missiles
 e - 211 stones
 i - 5 javelins (quivered)
 o - 65 sling bullets
 B - a throwing net
Armour
 a - a +1 pair of boots (worn)
 b - a +1 hat (worn)
 h - a +0 buckler (worn)
 j - a +2 robe of magic resistance
 t - the +2 leather armour of the Furies (worn) {rF+}
   (You found it on level 5 of the Dungeon)

   It protects you from fire.
 D - a scarf of repulsion (worn)
 F - a +0 pair of gloves (worn)
 N - a +2 ring mail of fire resistance
Magical Staves
 y - an uncursed staff of wizardry
Jewellery
 g - a ring of protection from magic (right hand)
 r - an uncursed amulet of faith
 C - a +6 ring of strength (left hand)
Wands
 l - a wand of random effects (10)
 n - a wand of digging (8)
 s - a wand of polymorph (17)
 z - a wand of acid (6)
Scrolls
 k - 3 scrolls of remove curse
 p - 2 scrolls of immolation
 u - 2 scrolls of magic mapping
 A - a scroll of amnesia
Potions
 c - 2 potions of lignification
 f - a potion of might
 m - a potion of haste {unknown}
 H - 2 potions of mutation
 I - a potion of cancellation
 J - a potion of brilliance {unknown}
Comestibles
 x - 12 rations


   Skills:
 * Level 3.2 Fighting
 * Level 3.3(3.4) Short Blades
 - Level 0.6(2.2) Long Blades
 - Level 1.4 Axes
 * Level 2.3 Throwing
 * Level 2.8 Armour
 + Level 3.1 Dodging
 * Level 4.9 Stealth
 * Level 3.4 Shields
 * Level 4.4 Spellcasting
 * Level 3.6 Conjurations
 + Level 1.9 Hexes
 * Level 3.0 Summonings
 * Level 2.8 Translocations
 * Level 2.1 Invocations
 * Level 2.2 Evocations


You had 6 spell levels left.
You knew the following spells:

 Your Spells              Type           Power        Failure   Level  Hunger
a - Magic Dart            Conj           ###.         3%          1    None
b - Blink                 Tloc           N/A          6%          2    #......
c - Call Imp              Summ           ###.....     6%          2    #......
d - Slow                  Hex            ##......     10%         2    #......
e - Conjure Flame         Conj/Fire      ##......     21%         3    ##.....

Your spell library contained the following spells:

 Spells                   Type           Power        Failure   Level  Hunger
 Mephitic Cloud           Conj/Pois/Air  ##......     26%         3    ##.....


Dungeon Overview and Level Annotations

Branches:
Dungeon (13/15)            Temple (1/1) D:6
   Lair: D:8-11         Orc: D:9-12      Vaults: D:13-14

Altars:
Ashenzari
Dithmenos
Elyvilon
Fedhas
Gozag
Makhleb
Nemelex Xobeh
Okawaru
Qazlal
Ru
Sif Muna
Trog
Uskayaw
Wu Jian
Xom
Yredelemnul
The Shining One

Shops:
D:5 *

Annotations:
D:2 exclusion: 2 downstairs
D:3 exclusion: downstairs
D:4 Sigmund
D:6 grovkorv's ghost, novice FeFi
D:8 exclusion: upstairs, Harold
D:9 exclusion: 2 downstairs, Maurice
D:10 Erica
D:11 exclusion: downstairs


Innate Abilities, Weirdness & Mutations

You are resistant to torment.
Your stone body is resilient. (AC +6)
You are immune to poison.
You resist negative energy. (rN+)
You are resistant to electric shocks. (rElec)
You can survive without breathing.
You are immune to petrification.
You are immune to rotting.
Your mind is acute. (Int +2)
You are somewhat resistant to further mutation.
Your natural rate of healing is unusually fast.


Message History

You feel very mighty all of a sudden.
Evoke which item? (* to show all) (? for menu, Esc to quit)
Aiming: Corrosive Bolt
Press: ? - help, Shift-Dir - straight line, f - raiju
Aim: a raiju The bolt of acid hits the raiju!
The raiju is splashed with acid!
The raiju is heavily wounded.
You block the raiju's attack.
Evoke which item? (* to show all) (? for menu, Esc to quit)
Aiming: Polymorph
Press: ? - help, Shift-Dir - straight line, f/p - raiju
Aim: a raiju (heavily wounded, chance to defeat MR: 51%)
The raiju evaporates and reforms as a harpy!
The harpy claws you but does no damage. The harpy closely misses you.
You closely miss the harpy.
The harpy is moderately wounded.
The harpy claws you.
* * * LOW HITPOINT WARNING * * *
The harpy claws you.
You die...

. . #. .. .
#. ..
.#.#.####
#.##_...hH@##
...##.h###.#
# . #..#
...## #..
##...#.## #.
#..##(#....
##......
.#.#... # .
##. #.§ #.. .
# ..## .
.###.# . #


You could see a harpy and 2 raiju.

Vanquished Creatures
  Edmund (D:4)
  Menkaure (D:4)
  Duvessa (D:5)
  A sky beast (D:8)
  An ice beast (D:5)
  2 orc warriors
  2 ogres
  A phantom (D:9)
  A centaur (D:8)
  4 bullfrogs (D:9)
  Dowan (D:5)
  A scorpion (D:9)
  2 wights
  2 howler monkeys (D:8)
  2 crimson imps
  2 jellies
  A gnoll shaman (D:4)
  An orc priest (D:6)
  A bullfrog skeleton (D:4)
  2 orc wizards (D:8)
  An iguana (D:4)
  Natasha (D:3)
  3 worker ants
  2 hound skeletons
  8 adders
  9 gnolls
  2 shadow imps (D:5)
  An ufetubus (Abyss:2)
  An ooze (D:3)
  2 adder zombies
  An adder skeleton (D:9)
  2 worms
  6 leopard geckos
  11 orcs
  2 ball pythons
  2 bat zombies (D:5)
  4 giant cockroaches
  4 goblins
  4 hobgoblins
  16 jackals
  6 kobolds
  3 quokkas
  A ball python skeleton (D:6)
  8 bats
  A frilled lizard (D:1)
  A leopard gecko skeleton (D:4)
  6 rats
138 creatures vanquished.

Vanquished Creatures (collateral kills)
  An ogre (D:9)
  An orc priest (D:9)
  Natasha (D:3)
  2 orc wizards (D:9)
  2 adders
  A bat (D:3)
8 creatures vanquished.

Vanquished Creatures (others)
  7 starspawn tentacles (Abyss:2)
7 creatures vanquished.

Grand Total: 153 creatures vanquished

Notes
Turn   | Place    | Note
-------+----------+-------------------------------------------
     0 | D:1      | Acheron the Gargoyle Wizard began the quest for the Orb.
     0 | D:1      | Reached XP level 1. HP: 10/10 MP: 4/4
   269 | D:1      | Reached XP level 2. HP: 12/15 MP: 1/6
   410 | D:1      | Learned a level 2 spell: Blink
   413 | D:1      | Learned a level 2 spell: Call Imp
   416 | D:1      | Learned a level 2 spell: Slow
   710 | D:1      | Reached skill level 1 in Translocations
   834 | D:2      | Reached skill level 1 in Summonings
   883 | D:2      | Found a shattered altar of Ashenzari.
   963 | D:2      | Reached XP level 3. HP: 14/20 MP: 7/7
   996 | D:2      | Reached skill level 1 in Shields
  1351 | D:3      | Reached skill level 1 in Fighting
  1457 | D:3      | Reached XP level 4. HP: 21/25 MP: 8/8
  2305 | D:3      | Reached XP level 5. HP: 16/29 MP: 10/10
  2709 | D:4      | Reached skill level 1 in Short Blades
  2814 | D:4      | Found a glowing golden altar of the Shining One.
  2926 | D:4      | Noticed Menkaure
  3113 | D:3      | Noticed Natasha
  3113 | D:3      | Noticed an ogre
  3360 | D:3      | Killed Natasha
  3610 | D:3      | Noticed Natasha
  3719 | D:3      | Reached XP level 6. HP: 32/34 MP: 7/11
  3720 | D:3      | Killed Natasha
  3998 | D:4      | Noticed Edmund
  4099 | D:5      | Entered Level 5 of the Dungeon
  4348 | D:5      | Got a steaming leather armour
  4480 | D:5      | Identified the +2 leather armour of the Furies {rF+} (You
                  | found it on level 5 of the Dungeon)
  4514 | D:5      | Reached skill level 1 in Throwing
  4675 | D:5      | Found Zin's Purification Station.
  4729 | D:5      | Found a bloodstained altar of Trog.
  4757 | D:5      | Found a sacrificial altar of Ru.
  4847 | D:5      | Found a glowing golden altar of the Shining One.
  4882 | D:5      | Noticed Duvessa
  4883 | D:5      | Noticed Dowan
  4948 | D:5      | Killed Duvessa
  4948 | D:5      | Reached skill level 1 in Armour
  4948 | D:5      | Reached skill level 1 in Evocations
  4948 | D:5      | Reached XP level 7. HP: 29/40 MP: 10/12
  4988 | D:5      | Gained mutation: Your mind is acute. (Int +2) [potion of
                  | mutation]
  4988 | D:5      | Gained mutation: Your natural rate of healing is unusually
                  | fast. [potion of mutation]
  4988 | D:5      | Gained mutation: You are somewhat resistant to further
                  | mutation. [potion of mutation]
  5020 | D:5      | Killed Dowan
  5282 | D:5      | Found a stormy altar of Qazlal.
  5389 | D:6      | Found a shadowy altar of Dithmenos.
  5548 | D:6      | Found a staircase to the Ecumenical Temple.
  5568 | Temple   | Entered the Ecumenical Temple
  5723 | Temple   | Became a worshipper of Warmaster Okawaru
  6045 | D:6      | Noticed a vampire
  6248 | D:6      | Noticed a hungry ghost
  6252 | D:6      | Noticed grovkorv's ghost (novice FeFi)
  6510 | D:8      | Reached skill level 1 in Hexes
  6510 | D:8      | Reached XP level 8. HP: 45/45 MP: 9/13
  6566 | D:8      | Noticed Harold
  6996 | D:9      | Noticed Maurice
  7589 | D:8      | Reached skill level 1 in Invocations
  7677 | D:8      | Found a shimmering blue altar of Sif Muna.
  7714 | D:8      | Found a sparkling altar of Nemelex Xobeh.
  7776 | D:9      | Reached * piety under Okawaru
  8109 | D:10     | Entered Level 10 of the Dungeon
  8224 | D:13     | Noticed a wyvern
  8250 | D:11     | Reached skill level 1 in Axes
  8273 | D:11     | Noticed a yak
  8297 | D:10     | Noticed a vampire
  8302 | D:10     | Noticed Erica
  8348 | D:9      | Reached XP level 9. HP: 49/49 MP: 15/15
  9143 | D:4      | Learned a level 3 spell: Conjure Flame
  9177 | D:4      | Killed Menkaure
  9177 | D:4      | Reached ** piety under Okawaru
  9435 | D:4      | Killed Edmund
  9525 | D:4      | Noticed Sigmund
  9531 | D:4      | Cast into level 2 of the Abyss (Sigmund)
  9681 | Abyss:2  | Noticed a tentacled starspawn
  9760 | Abyss:2  | Noticed a thrashing horror
  9767 | Abyss:2  | Noticed a purple very ugly thing
  9792 | Abyss:2  | Noticed a green draconian
  9798 | Abyss:2  | Noticed a hellwing
  9824 | Abyss:2  | Found a corrupted altar of Lugonu.
  9850 | Abyss:2  | Noticed a harpy
  9850 | Abyss:2  | a raiju changed into a harpy
  9851 | Abyss:2  | Slain by a harpy

Illustrated notes

Levels and vault maps discovered:
D:1:      minmay_arrival_loop, layout_loops_cross, solitary_fountain
D:2:      layout_loops_ring, ashenzari_conservatory_becter, first_ration
D:3:      layout_basic, uniq_natasha
D:4:      layout_loops_cross, lemuel_round_altar, uniq_menkaure, uniq_sigmund,
          uniq_edmund
D:5:      layout_loops_cross, lemuel_zombie_altar_kikubaaqudgha,
          lemuel_doored_altar, zin_purify, kennysheep_mini_moat,
          lemuel_crystal_altar, basic_altar, uniq_duvessa
D:6:      minmay_general_purpose_star, layout_layer_cave, grunt_dithmenos_smoke,
          minmay_temple_entry_proselytizer, gammafunk_ghost_mausoleum
D:7:      layout_gridville, overflow_temple_1_default
D:8:      layout_loops_ring, kennysheep_mini, lemuel_round_altar,
          nemelex_xobeh_ov_fountains_minmay, uniq_harold
D:9:      layout_roguey, kennysheep_little_box, serial_rivers,
          chequers_serial_rivers_room_a, chequers_serial_rivers_micro_d,
          chequers_serial_rivers_room_b, chequers_serial_rivers_micro_c,
          chequers_serial_rivers_micro_b, chequers_serial_rivers_small_3,
          uniq_maurice
D:10:     layout_basic, hiddenorc1_lemuel, nicolae_trove_entry_columns,
          ebering_ghost_rock_garden, uniq_erica
D:11:     layout_rooms, erik_lair_island
D:12:     layout_roguey, uniq_snorg
D:13:     layout_cave_pools, hangedman_fish_farm
Temple:   nicolae_temple_figure_zero
Abyss:2:  base: D:15, evilmike_abyss_exit_mutagenic,
          evilmike_abyss_exit_mutagenic, hangedman_decor_riveting, minivault_28

Skill      XL: |  1  2  3  4  5  6  7  8  9 |
---------------+----------------------------+-----
Translocations | 1 2 |  2.8
Summonings     | 1 2 3 |  3.0
Stealth        | 3 4 |  4.9
Shields        | 1 2 3 |  3.4
Fighting       | 1 2 3 |  3.2
Short Blades   | 1 2 3 |  3.3
Dodging        | 2 3 |  3.1
Conjurations   | 2 3 |  3.6
Throwing       | 1 2 |  2.3
Armour         | 1 2 |  2.8
Evocations     | 1 2 |  2.2
Hexes          | 1 |  1.9
Spellcasting   | 4 |  4.4
Invocations    | 1 2 |  2.1
Axes           | 1 |  1.4
Long Blades    | |  0.6

Action                   |  1- 3 |  4- 6 |  7- 9 || total
-------------------------+-------+-------+-------++-------
Melee: Unarmed           |    11 |       |       ||    11
       Short sword       |   109 |   164 |       ||   273
       Rapier            |       |   148 |    95 ||   243
       Dagger            |       |       |   439 ||   439
       Falchion          |       |       |     5 ||     5
       Long sword        |       |       |     5 ||     5
       War axe           |       |       |    20 ||    20
Throw: Javelin           |       |       |    10 ||    10
 Cast: Magic Dart        |    18 |     6 |     3 ||    27
       Call Imp          |       |    20 |    44 ||    64
       Conjure Flame     |       |       |     2 ||     2
Invok: Heroism           |       |       |     8 ||     8
Evoke: Wand              |       |     3 |     9 ||    12
  Use: Scroll            |     5 |     5 |     7 ||    17
       Potion            |     1 |     2 |     8 ||    11
 Stab: Sleeping          |     1 |    11 |    10 ||    22
       Distracted        |       |       |     1 ||     1
  Eat: Chunk             |     1 |     5 |     7 ||    13
       Ration            |     1 |     2 |     3 ||     6
Armor: Robe              |    12 |    67 |       ||    79
       Leather armour    |    59 |    38 |   211 ||   308
Dodge: Dodged            |   106 |   167 |   277 ||   550
       Repelled          |       |       |     1 ||     1
Block: Buckler           |     8 |    43 |    85 ||   136
